 Dungeon Sprint DCSS version 0.26-a0-958-gf3041fb45f (webtiles) character file.

Game seed: 778555978547165269

4690 Conn the Devastator (level 10, -11/47 HPs)
             Began as a Felid Monk on Nov 30, 2020.
             Was the Champion of Vehumet.
             Killed from afar by an efreet (19 damage)
             ... with a fireball
             ... in the Dungeon (Sprint VII: "The Pits").
             The game lasted 00:58:50 (4688 turns).

Conn the Devastator (Felid Monk)                    Turns: 4688, Time: 00:58:50

Health: -11/47     AC:  2    Str: 10    XL:     10   Next: 21%
Magic:  13/29      EV: 31    Int: 19    God:    Vehumet [******]
Gold:   0          SH:  0    Dex: 18    Spells: 5/37 levels left
                                        Lives:  0   Deaths: 3

rFire    . . .     SeeInvis +     - Unarmed
rCold    . . .     Faith    .   (shield unavailable)
rNeg     . . .     Spirit   .   (armour unavailable)
rPois    .         Reflect  .   (helmet unavailable)
rElec    .         Harm     .   (cloak unavailable)
rCorr    .         Rampage  .   (gloves unavailable)
MR       +....     NoTele   +   (boots unavailable)
Stlth    +++++.....             (no amulet)
HPRegen  0.15/turn              k - +3 ring of intelligence
MPRegen  0.21/turn              l - +3 ring of strength

@: quick
A: very small, no armour, no weapons or thrown items, stealth, claws 1, fangs 3,
see invisible, speed 1, shaggy fur 2, sharp paws
a: Renounce Religion


You were in the Dungeon.
You worshipped Vehumet.
Vehumet was exalted by your worship.
You visited 1 branch

Inventory:

Jewellery
 k - a +3 ring of intelligence (left paw)
 l - a +3 ring of strength (right paw)
Scrolls
 h - 3 scrolls of remove curse
 i - 2 scrolls of amnesia
 j - a scroll of summoning
Potions
 a - 2 potions of curing
 b - 3 potions of heal wounds
 d - a potion of magic


   Skills:
 + Level 7.2 Fighting
 * Level 14.0 Dodging
 - Level 10.4 Stealth
 - Level 10.0 Unarmed Combat
 + Level 14.0 Spellcasting
 * Level 15.5 Conjurations
 - Level 3.0 Hexes
 + Level 8.3 Fire Magic
 + Level 5.4 Ice Magic
 - Level 7.0 Air Magic
 - Level 2.0 Poison Magic


You had 5 spell levels left.
You knew the following spells:

 Your Spells              Type           Power        Failure   Level
a - Magic Dart            Conj           ####         0%          1
b - Foxfire               Conj/Fire      ####         1%          1
c - Freezing Cloud        Conj/Ice/Air   #####.....   4%          6
d - Ignition              Fire           #####.....   92%         8
e - Mephitic Cloud        Conj/Pois/Air  #####...     1%          3
f - Orb of Destruction    Conj           ######....   1%          7
g - Conjure Ball Lightni  Conj/Air       ######....   2%          6

Your spell library contained the following spells:

 Spells                   Type           Power        Failure   Level
 Chain Lightning          Conj/Air       ######....   58%         8
 Fire Storm               Conj/Fire      ######....   100%        9
 Tornado                  Air            #####.....   100%        9
 Static Discharge         Conj/Air       ######..     1%          3
 Fulminant Prism          Conj/Hex       #####.....   1%          4


Dungeon Overview and Level Annotations

Branches:
Dungeon (1/1)

Altars:
Ashenzari
Cheibriados
Dithmenos
Elyvilon
Fedhas
Gozag
Hepliaklqana
Kikubaaqudgha
Makhleb
Nemelex Xobeh
Okawaru
Qazlal
Ru
Sif Muna
Trog
Uskayaw
Vehumet
Wu Jian
Xom
Yredelemnul
Zin
The Shining One
Beogh
Jiyva
Lugonu

Annotations:
D Ilsuiw


Innate Abilities, Weirdness & Mutations

You cannot wear armour.
You are incapable of wielding weapons or throwing items.
Your paws allow you to move quietly. (Stealth)
You have sharp claws.
You have razor-sharp teeth.
You have supernaturally acute eyesight. (SInv)
You cover ground quickly.
You are covered in thick fur. (AC +2)
Your sharp claws are effective at attacking unaware monsters.


Message History

Ilsuiw casts a spell.
Ilsuiw blinks!
The merfolk javelineer throws a silver javelin.
The silver javelin pierces through you!
* * * LOW HITPOINT WARNING * * *
x2 You close the door, pushing everything out of the way.
There is an open door here.
You see here a stone.
You see here a stone.
There is an open door here.
You close the door.
There is an open door, spattered with blood here.
You close the door.
There is an open door, spattered with blood here.
There is an open door here.
Which direction?
You close the door.
The efreet gestures at you.
The fireball explodes!
The fireball engulfs you!!
You die...

#.#.....#'###...<...###...†
#.#........##.......# ##mm#
#.#........##.......###...m
#+###########.......##....§
#.......#.)###########.....
#.......#)############.....
#...#...#)#....#..[[###....
#..###..#'#....#○.[[# ##''#
#...#...#.@....○..))# #....
#.......#'#..R☼#..))##.....
#.......+.#....#..))##.....
###########################


You could see an efreet.

Vanquished Creatures
  A death cob (D)
  A fire giant (D)
  A hydra (D)
  An alligator snapping turtle (D)
  2 two-headed ogres (D)
  A death yak (D)
  A sun demon (D)
  A swamp dragon (D)
  A flayed ghost (D)
  A bog body (D)
  3 harpies (D)
  A phantasmal warrior (D)
  An orc knight (D)
  2 deep elf magi (D)
  An ugly thing (D)
  2 manticores (D)
  An eye of devastation (D)
  A freezing wraith (D)
  A demonic crawler (D)
  A polar bear (D)
  A hornet (D)
  2 blink frogs (D)
  6 dream sheep (D)
  A ynoxinul (D)
  A tarantella (D)
  A wyvern (D)
  A fire elemental (D)
  A soldier ant (D)
  10 insubstantial wisps (D)
  An acid dragon (D)
  A warg (D)
  2 small abominations (D)
  2 hell hounds (D)
  An orc warrior (D)
  A sky beast (D)
  4 wolves (D)
  A big kobold (D)
  A bullfrog (D)
  A scorpion (D)
  4 killer bees (D)
  A crimson imp (D)
  A jelly (D)
  2 gnoll shamans (D)
  An orc priest (D)
  An iguana (D)
  An iron imp (D)
  A mummy (D)
  5 gnolls (D)
  An adder zombie (D)
  A leopard gecko (D)
  7 orcs (D)
  2 bat skeletons (D)
  A giant cockroach (D)
  A hobgoblin (D)
  3 quokkas (D)
  3 ball pythons (D)
  A ball python simulacrum (D)
  A bat (D)
  A leopard gecko skeleton (D)
  A quokka zombie (D)
  3 rats (D)
  A foxfire (D)
  A fulminant prism (D)
109 creatures vanquished.

Vanquished Creatures (collateral kills)
  A yak (D)
  A killer bee (D)
2 creatures vanquished.

Vanquished Creatures (others)
  A black mamba (D)
  A blink frog (D)
  5 ball lightnings (D)
  A jelly (D)
  An adder zombie (D)
  261 foxfires (D)
  33 fulminant prisms (D)
303 creatures vanquished.

Grand Total: 414 creatures vanquished

Notes
Turn   | Place    | Note
-------+----------+-------------------------------------------
     0 | D        | Conn the Felid Monk began the quest for the Orb.
     0 | D        | Reached XP level 1. HP: 10/10 MP: 2/2
    37 | D        | Found a bloodstained altar of Trog.
    37 | D        | Found a shimmering blue altar of Sif Muna.
    37 | D        | Found a viscous altar of Jiyva.
    37 | D        | Found a hazy altar of Hepliaklqana.
    37 | D        | Found an opulent altar of Gozag.
    38 | D        | Found a glowing golden altar of the Shining One.
    38 | D        | Found a glowing silver altar of Zin.
    38 | D        | Found a basalt altar of Yredelemnul.
    38 | D        | Found a shimmering altar of Xom.
    38 | D        | Found an ornate altar of the Wu Jian Council.
    38 | D        | Found a sacrificial altar of Ru.
    38 | D        | Found a stormy altar of Qazlal.
    38 | D        | Found an iron altar of Okawaru.
    38 | D        | Found a sparkling altar of Nemelex Xobeh.
    38 | D        | Found a burning altar of Makhleb.
    38 | D        | Found a blossoming altar of Fedhas.
    38 | D        | Found a white marble altar of Elyvilon.
    38 | D        | Found a shadowy altar of Dithmenos.
    38 | D        | Found a snail-covered altar of Cheibriados.
    39 | D        | Found a radiant altar of Vehumet.
    39 | D        | Found a corrupted altar of Lugonu.
    39 | D        | Found a roughly hewn altar of Beogh.
    40 | D        | Found an ancient bone altar of Kikubaaqudgha.
    40 | D        | Found a hide-covered altar of Uskayaw.
    40 | D        | Found a broken altar of Ashenzari.
    47 | D        | Became a worshipper of Vehumet
    47 | D        | Reached * piety under Vehumet
    47 | D        | Offered knowledge of Magic Dart by Vehumet.
    47 | D        | Reached ** piety under Vehumet
    89 | D        | Reached *** piety under Vehumet
    90 | D        | Reached skill level 1 in Spellcasting
    90 | D        | Reached XP level 2. HP: 13/14 MP: 4/4
    92 | D        | Learned a level 1 spell: Magic Dart
   117 | D        | Offered knowledge of Foxfire by Vehumet.
   133 | D        | Reached skill level 5 in Dodging
   136 | D        | Learned a level 1 spell: Foxfire
   253 | D        | Offered knowledge of Static Discharge by Vehumet.
   253 | D        | Reached **** piety under Vehumet
   254 | D        | Reached skill level 1 in Conjurations
   254 | D        | Reached XP level 3. HP: 18/18 MP: 1/7
   258 | D        | Learned a level 3 spell: Static Discharge
   370 | D        | Noticed a scorpion
   370 | D        | Noticed a sky beast
   370 | D        | Noticed a big kobold
   387 | D        | Offered knowledge of Fulminant Prism by Vehumet.
   399 | D        | Killed a scorpion
   400 | D        | Reached skill level 5 in Unarmed Combat
   400 | D        | Reached skill level 2 in Conjurations
   400 | D        | Reached skill level 1 in Air Magic
   400 | D        | Reached XP level 4. HP: 22/22 MP: 7/9
   406 | D        | Killed a sky beast
   407 | D        | Reached skill level 5 in Stealth
   407 | D        | Reached skill level 3 in Conjurations
   407 | D        | Reached XP level 5. HP: 25/25 MP: 7/11
   415 | D        | Reached skill level 5 in Fighting
   455 | D        | Reached ***** piety under Vehumet
   456 | D        | Reached skill level 4 in Conjurations
   456 | D        | Gained mutation: You are covered in thick fur. (AC +2)
                  | [Felid growth]
   456 | D        | Reached XP level 6. HP: 19/30 MP: 2/13
   461 | D        | Learned a level 4 spell: Fulminant Prism
   501 | D        | Offered knowledge of Mephitic Cloud by Vehumet.
   505 | D        | Reached skill level 1 in Fire Magic
   511 | D        | Learned a level 3 spell: Mephitic Cloud
   533 | D        | Offered knowledge of Olgreb's Toxic Radiance by Vehumet.
   659 | D        | Noticed a tarantella
   670 | D        | Killed a tarantella
   671 | D        | Reached skill level 5 in Spellcasting
   671 | D        | Reached skill level 1 in Poison Magic
   774 | D        | Reached XP level 7. HP: 33/33 MP: 16/16
   780 | D        | Noticed a freezing wraith
   785 | D        | Reached skill level 5 in Conjurations
  1070 | D        | Killed a freezing wraith
  1071 | D        | Reached skill level 5 in Air Magic
  1223 | D        | Offered knowledge of Conjure Ball Lightning by Vehumet.
  1313 | D        | Reached XP level 8. HP: 29/37 MP: 17/19
  1325 | D        | Learned a level 6 spell: Conjure Ball Lightning
  1414 | D        | Noticed an orc knight
  1422 | D        | Reached skill level 6 in Conjurations
  1696 | D        | Reached ****** piety under Vehumet
  1702 | D        | Reached skill level 7 in Conjurations
  1702 | D        | Reached skill level 5 in Fire Magic
  1896 | D        | Offered knowledge of Orb of Destruction by Vehumet.
  1906 | D        | Learned a level 7 spell: Orb of Destruction
  2108 | D        | Killed an orc knight
  2109 | D        | Reached skill level 8 in Conjurations
  2109 | D        | Reached XP level 9. HP: 30/40 MP: 4/23
  2265 | D        | Noticed a demonic crawler
  2266 | D        | Noticed a sun demon
  2267 | D        | Noticed a two-headed ogre
  2360 | D        | Killed a sun demon
  2360 | D        | Offered knowledge of Yara's Violent Unravelling by Vehumet.
  2361 | D        | Reached skill level 9 in Conjurations
  2492 | D        | Killed a two-headed ogre
  2493 | D        | Reached skill level 10 in Spellcasting
  2493 | D        | Reached skill level 10 in Conjurations
  2613 | D        | Killed a demonic crawler
  2761 | D        | Learned a level 6 spell: Conjure Ball Lightning
  2763 | D        | Noticed an eight-headed hydra
  2764 | D        | Noticed a death cob
  2767 | D        | Noticed a black mamba
  2768 | D        | Noticed an efreet
  2770 | D        | Slain by a death cob
  2771 | D        | Reached XP level 8. HP: -5/37 MP: 18/23
  2798 | D        | Noticed a manticore
  2813 | D        | Killed a manticore
  2814 | D        | Reached XP level 9. HP: 30/40 MP: 21/24
  2823 | D        | Offered knowledge of Freezing Cloud by Vehumet.
  2828 | D        | Reached skill level 11 in Conjurations
  2883 | D        | Noticed a white ugly thing
  2899 | D        | Killed a white ugly thing
  2900 | D        | Reached skill level 10 in Stealth
  2991 | D        | Noticed an eye of devastation
  3006 | D        | Killed an eye of devastation
  3186 | D        | Learned a level 6 spell: Freezing Cloud
  3217 | D        | Noticed a manticore
  3230 | D        | Offered knowledge of Bolt of Magma by Vehumet.
  3240 | D        | Killed a manticore
  3241 | D        | Reached skill level 1 in Ice Magic
  3247 | D        | Reached XP level 10. HP: 18/45 MP: 15/26
  3326 | D        | Killed a black mamba
  3498 | D        | Noticed a two-headed ogre
  3501 | D        | Noticed a bog body
  3505 | D        | Killed a bog body
  3505 | D        | Offered knowledge of Ignition by Vehumet.
  3505 | D        | Noticed a death yak
  3506 | D        | Reached skill level 10 in Dodging
  3506 | D        | Reached skill level 12 in Conjurations
  3533 | D        | Killed a death yak
  3545 | D        | Killed a two-headed ogre
  3626 | D        | Learned a level 8 spell: Ignition
  3732 | D        | Noticed a harpy
  3732 | D        | Noticed a harpy
  3734 | D        | Noticed a fire giant
  3736 | D        | Killed a harpy
  3736 | D        | Killed a harpy
  3740 | D        | Noticed a harpy
  3740 | D        | Offered knowledge of Fire Storm by Vehumet.
  3740 | D        | Offered knowledge of Chain Lightning by Vehumet.
  3740 | D        | Offered knowledge of Tornado by Vehumet.
  3754 | D        | Killed a fire giant
  3755 | D        | Reached skill level 10 in Unarmed Combat
  3755 | D        | Reached skill level 13 in Conjurations
  3755 | D        | Reached XP level 11. HP: 47/49 MP: 15/28
  3870 | D        | Killed a harpy
  3954 | D        | Noticed a deep elf mage
  3960 | D        | Killed a deep elf mage
  4004 | D        | Killed an eight-headed hydra
  4075 | D        | Noticed an alligator snapping turtle
  4087 | D        | Killed an alligator snapping turtle
  4088 | D        | Reached skill level 14 in Conjurations
  4235 | D        | Killed a death cob
  4423 | D        | Noticed a swamp dragon
  4428 | D        | Reached skill level 5 in Ice Magic
  4434 | D        | Noticed a flayed ghost
  4439 | D        | Killed a swamp dragon
  4441 | D        | Noticed a phantasmal warrior
  4442 | D        | Reached skill level 15 in Conjurations
  4445 | D        | Killed a flayed ghost
  4445 | D        | Mangled by a phantasmal warrior
  4446 | D        | Reached XP level 10. HP: -11/47 MP: 12/28
  4498 | D        | Killed a phantasmal warrior
  4499 | D        | Reached XP level 11. HP: 50/50 MP: 25/29
  4550 | D        | Noticed a deep elf mage
  4556 | D        | Killed a deep elf mage
  4593 | D        | Noticed a merfolk impaler
  4595 | D        | Noticed a merfolk javelineer
  4602 | D        | Noticed Ilsuiw
  4604 | D        | Noticed a merfolk javelineer
  4605 | D        | Hit by a silver javelin thrown by a merfolk javelineer
  4606 | D        | Reached XP level 10. HP: 0/47 MP: 29/29
  4688 | D        | Killed from afar by an efreet

Illustrated notes

Levels and vault maps discovered:
D:        pitsprint [storerooms_1, entrance_room_1, metal_vault_2, armoury_2,
          mini_pit_1, grid_room_1, main_hall_1, silver_pit, the_coven_3,
          the_vestibule_1, steel_vault_4, golden_pit, hallway_of_sentries,
          crystal_vault_4, iron_vault_3, final_vault]

Skill      XL: |  1  2  3  4  5  6  7  8  9 10 11 |
---------------+----------------------------------+-----
Stealth        | 3 4 5 6 8 10 | 10.4
Spellcasting   | 1 2 3 4 5 6 9 11 12 14 | 14.0
Dodging        | 5 6 7 8 9 11 14 | 14.0
Fighting       | 4 5 6 7 |  7.2
Unarmed Combat | 4 5 6 7 8 9 10 | 10.0
Conjurations   | 1 2 3 4 5 8 11 13 15 | 15.5
Air Magic      | 1 2 3 4 5 6 7 |  7.0
Fire Magic     | 2 4 5 6 7 8 |  8.3
Hexes          | 3 |  3.0
Poison Magic   | 2 |  2.0
Ice Magic      | 1 3 5 |  5.4

Action                   |  1- 3 |  4- 6 |  7- 9 | 10-12 || total
-------------------------+-------+-------+-------+-------++-------
Melee: Unarmed           |    39 |    27 |    68 |    21 ||   155
       Bite              |     3 |     3 |    12 |     1 ||    19
       Punch             |     2 |       |     5 |     3 ||    10
 Cast: Magic Dart        |     6 |       |     1 |       ||     7
       Foxfire           |     1 |    15 |   119 |    22 ||   157
       Static Discharge  |       |     2 |     1 |       ||     3
       Mephitic Cloud    |       |     1 |    19 |    14 ||    34
       Fulminant Prism   |       |       |    34 |       ||    34
       Orb of Destructio |       |       |       |    34 ||    34
       Freezing Cloud    |       |       |       |     6 ||     6
       Conjure Ball Ligh |       |       |       |     2 ||     2
  Use: Potion            |     1 |     2 |    11 |    13 ||    27
       Scroll            |       |       |     3 |     1 ||     4
 Stab: Sleeping          |     4 |     4 |     3 |       ||    11
       Confused          |       |     1 |     6 |     2 ||     9
       Invisible         |       |       |       |     3 ||     3
Armor: Skin              |     3 |       |     3 |     1 ||     7
Dodge: Dodged            |    37 |    29 |    97 |    36 ||   199

Table legend: (Time is in decaauts)
 A = Elapsed time spent in this place.
 B = Non-inter-level travel time spent in this place.
 C = Inter-level travel time spent in this place.
 D = Time resting spent in this place.
 E = Time spent auto-exploring this place.
 F = Levels seen in this place.
 G = Mean time per level.
                   A        B        C        D        E       F      G
               +--------+--------+--------+--------+--------+-----+--------+
         Total |   4307 |   4307 |      0 |   2151 |      0 |   1 | 4307.0 |
       Dungeon |   4307 |   4307 |      0 |   2151 |      0 |   1 | 4307.0 |
               +--------+--------+--------+--------+--------+-----+--------+

Top non-repeatable levels by time:
       D: 4307 daAuts
